 Dungeon Crawl Stone Soup version 0.30-a0-859-gf88a04b62d (webtiles) character file.

Game seed: 14880314856447199054

37 Esekla the Sneak (level 3, -5/26 HPs)
             Began as an Octopode Delver on Mar 6, 2023.
             Killed from afar by an orc wizard (6 damage)
             ... with a puff of flame
             ... on level 5 of the Dungeon.
             The game lasted 00:05:36 (687 turns).

Esekla the Sneak (Octopode Delver)                   Turns: 687, Time: 00:05:37

Health: -5/26      AC:  1    Str: 11    XL:     3   Next: 41%
Magic:  3/4        EV: 13    Int: 20    God:
Gold:   13         SH:  0    Dex: 13    Spells: 3/3 levels left

rFire   . . .      SeeInvis .    a - +0 falchion
rCold   . . .      Faith    .    (no shield)
rNeg    . . .      Spirit   .    (helmet restricted)
rPois   .          Reflect  .    (no amulet)
rElec   .          Rampage  .    d - +6 ring of intelligence
rCorr   .                        (no ring)
Will    .....                    (no ring)
Stlth   ++                       (no ring)
HPRegen 0.24/turn                (no ring)
MPRegen 0.09/turn                (no ring)
                                 (no ring)
                                 (no ring)

@: confused, hasted, very quick
A: almost no armour, amphibious, 8 rings, camouflage 1, gelatinous body 1,
(nimble swimmer 1), tentacles
a: no special abilities


You were on level 5 of the Dungeon.
You visited 2 branches of the dungeon, and saw 2 of its levels.

You collected 13 gold pieces.

Inventory:

Hand Weapons
 a - a +0 falchion (weapon)
 g - a +1 trident of venom
Missiles
 c - 4 javelins (quivered)
Jewellery
 d - a +6 ring of intelligence (left tentacle)
Wands
 f - a wand of digging (3)
Scrolls
 b - a scroll of fog
 h - a scroll of teleportation {unknown}
 i - a scroll of noise {unknown}


   Skills:
 * Level 3.2 Fighting
 * Level 2.2 Long Blades
 * Level 2.2 Dodging
 + Level 7.3 Stealth
 * Level 0.7 Spellcasting


You had 3 spell levels left.
You didn't know any spells.
Your spell library was empty.

Dungeon Overview and Level Annotations

Branches:
Dungeon (5/15)             Temple (1/1) D:5

Altars:
Fedhas
Gozag
Hepliaklqana
Makhleb
Nemelex Xobeh
Trog
Uskayaw
Vehumet
Wu Jian
Xom
The Shining One

Annotations:
D:5 Eustachio


Innate Abilities, Weirdness & Mutations

You cannot wear most types of armour.
You are amphibious.
You can wear up to eight rings at the same time.
Your skin changes colour to match your surroundings (Stealth+).
Your rubbery body absorbs attacks. (AC +1, EV +1)
((You are camouflaged when in or above water. (Stealth+)))
You have tentacles for arms and can constrict up to eight enemies at once.


Message History

The adder poisons you!
The orc wizard mumbles some strange words.
The orc wizard flickers and vanishes!
Deactivating autopickup; reactivate with Ctrl-A.
You barely miss the adder. Your grab misses the adder.
The adder is moderately wounded.
You feel sick. The adder bites you. The adder barely misses you.
You feel yourself speed up.
You feel sick. The adder barely misses you.
You miss the adder. You grab the adder.
The adder is moderately wounded.
You constrict the adder.
You feel sick. The adder completely misses you.
You hit the adder.
The adder is severely wounded.
You constrict the adder.
You feel sick. The adder bites you.
A hound comes into view.
You hit the adder.
You kill the adder!
You feel sick.
You barely miss something.
You feel sick.
You are no longer poisoned.
You hear some strange, mumbled words.
You are confused.
You miss something. Your squeeze misses something. Something hits you.
You're too confused to move!
You hit something but do no damage. Your squeeze misses something.
Something hits you.
You aren't carrying any potions.
You are too confused!
Unknown command.
A magic dart appears from out of thin air!
The magic dart hits you!
* * * LOW HITPOINT WARNING * * *
You are too confused!
You aren't carrying any potions.
You are too confused!
You bump into the rock wall.
You hear some strange, mumbled words.
A puff of flame appears from out of thin air!
The puff of flame hits you.
You die...

**#+**,####***,*,,,∩,,,*
.....#,#....,#,,,,,,,,,*
.....#.#.*,#.#.**,,,,,**
.....#.l,*,#.$.###,,,**
#......#,*,*,#..h#,*,,*
*[.....#,,,,,*,#l#,*,,*
,,.....####***,#{#,*,,*
#*#.#.....,,,,*#.#,,,,* #
#.#..#*******#@#***,*
###....# #.#,,,,*
......##### #.#,*******
..........# #.#,*,,,,,*
#.#######.#### #.#,*,**,**
#.#..........# #.#,*,**,*
#.#...###.##.# #.#,*,**,**
..#...,?^.##.# #.#,*,*,,,*
###...######.###.#,*,*****


You could see an iguana and a hound.

Vanquished Creatures
  A hound (D:5)
  An adder (D:5)
2 creatures vanquished.

Notes
Turn   | Place    | Note
-------+----------+-------------------------------------------
     0 | D:5      | Esekla the Octopode Delver began the quest for the Orb.
     0 | D:5      | Reached XP level 1. HP: 16/16 MP: 1/1
    62 | D:5      | Noticed a hound
    68 | D:5      | Noticed an iguana
    83 | D:5      | Noticed an iguana
   204 | D:5      | Found a staircase to the Ecumenical Temple.
   209 | D:5      | Noticed a hound
   213 | Temple   | Entered the Ecumenical Temple
   222 | D:5      | Killed a hound
   223 | D:5      | Reached skill level 7 in Stealth
   223 | D:5      | Reached XP level 2. HP: 9/21 MP: 2/2
   223 | D:5      | Reached XP level 3. HP: 11/26 MP: 3/3
   378 | D:5      | Noticed a scorpion
   450 | D:5      | Noticed a water moccasin
   654 | D:5      | Noticed Eustachio
   686 | D:5      | HP: 1/26 [something/magic dart (8)]
   687 | D:5      | Killed from afar by an orc wizard

Illustrated notes

Levels and vault maps discovered:
D:5:      layout_basic, minmay_temple_entry_antechambers, serial_shops,
          nicolae_take_the_stairs, shop, nicolae_shop_bloodbath_and_beyond,
          serial_glass, glass_columns_b, glass_columns_a, minmay_checkerbox,
          uniq_eustachio
Temple:   cyrus_circular_temple

Skill      XL: |  1 |
---------------+----+-----
Stealth        | 7 |  7.3
Fighting       | |  3.2
Long Blades    | |  2.2
Dodging        | |  2.2
Spellcasting   | |  0.7

Action                     || total
---------------------------++-------
  Melee: Falchion          ||    14
         Constrict         ||     2
         Tentacles         ||     1
    Use: Scroll            ||     2
         Potion            ||     2
  Dodge: Dodged            ||    11

Table legend: (Time is in decaauts)
 A = Elapsed time spent in this place.
 B = Non-inter-level travel time spent in this place.
 C = Inter-level travel time spent in this place.
 D = Time resting spent in this place.
 E = Time spent auto-exploring this place.
 F = Levels seen in this place.
 G = Mean time per level.
                   A        B        C        D        E       F      G
               +--------+--------+--------+--------+--------+-----+--------+
         Total |    670 |    656 |     14 |    179 |      0 |   2 |  335.0 |
       Dungeon |    591 |    588 |      3 |    125 |      0 |   1 |  591.0 |
        Temple |     78 |     67 |     11 |     54 |      0 |   1 |   78.0 |
               +--------+--------+--------+--------+--------+-----+--------+

Top non-repeatable levels by time:
     D:5: 591 daAuts
  Temple: 78 daAuts
